 Dungeon Crawl Stone Soup version 0.31-a0-986-g5e6e4ef867 (webtiles) character file.

Game seed: 9370681475458302659

16752 Pooter the Cleaver (level 12, -15/108 HPs)
             Began as a Minotaur Berserker on Nov 4, 2023.
             Was a Priest of Trog.
             Demolished by a minotaur
             ... wielding the +1 mace of Riec {heavy, rPois rF++ MP-9 Str+2 Dex+2}
              (28 damage)
             ... in a Gauntlet.
             The game lasted 00:49:20 (13084 turns).

Pooter the Cleaver (Minotaur Berserker)            Turns: 13084, Time: 00:49:21

Health: -15/108    AC: 14    Str: 25    XL:     12   Next: 12%
Magic:  11/11      EV:  8    Int:  6    God:    Trog [***...]
Gold:   701        SH:  7    Dex: 13    Spells: 11/11 levels left

rFire   + . .        a - +1 broad axe (spect)
rCold   + . .        X - +0 kite shield
rNeg    + . .        q - +2 chain mail
rPois   +            (helmet restricted)
rElec   .            H - +0 cloak
rCorr   +            z - +0 pair of gloves
SInv    +            C - +0 pair of boots
Will    +....        (no amulet) Stlth
                     I - ring of the Distant Future {+Blink rC+ rN+ SInv Stlth-}
HPRegen 1.38/turn    F - ring of Descent {rPois rF+ Will- rCorr Dex+3}
MPRegen 0.12/turn

%: no teleportation
@: strong-willed (expiring), on berserk cooldown, regenerating (expiring),
slowed, very slow
A: horns 2, retaliatory headbutt
a: Renounce Religion, Evoke Blink, Berserk, Trog's Hand


You were in a Gauntlet.
You worshipped Trog.
Trog was most pleased with you.
You visited 2 branches of the dungeon, and saw 12 of its levels.
You also visited: Gauntlet.

You collected 701 gold pieces.

Inventory:

Hand Weapons
 a - a +1 spectral broad axe (weapon)
   (You found it on level 10 of the Dungeon)
 b - a +0 sling
   (You took it off a goblin on level 2 of the Dungeon)
 i - the +5 mace of Misugas {spect, Will+ Str+2}
   (You found it on level 2 of the Lair of Beasts)

   Str+2:     It affects your strength (+2).
   Will+:     It increases your willpower.
 A - a +0 morningstar
   (You took it off an orc on level 3 of the Dungeon)
 G - a +0 dire flail
   (You took it off an orc warrior on level 9 of the Dungeon)
 N - a +0 shortbow
   (You took it off a centaur on level 7 of the Dungeon)
 S - a +2 war axe of freezing
   (You took it off a hobgoblin on level 4 of the Dungeon)
Missiles
 k - 13 poisoned darts (quivered)
 m - an atropa-tipped dart
 o - 5 javelins
 p - 9 boomerangs
 Q - 72 stones
Armour
 q - a +2 chain mail (worn)
   (You took it off an orc on level 3 of the Dungeon)
 z - a +0 pair of gloves (worn)
   (You found it on level 4 of the Dungeon)
 C - a +0 pair of boots (worn)
   (You found it on level 5 of the Dungeon)
 H - a +0 cloak (worn)
   (You found it on level 7 of the Dungeon)
 X - a +0 kite shield (worn)
   (You took it off a gnoll sergeant on level 10 of the Dungeon)
Jewellery
 c - a ring of flight
   (You found it on level 2 of the Dungeon)
 s - a +6 ring of dexterity
   (You found it on level 5 of the Dungeon)
 F - the ring of Descent (right hand) {rPois rF+ Will- rCorr Dex+3}
   (You found it in a Gauntlet)

   [ring of resist corrosion]

   Dex+3:     It affects your dexterity (+3).
   rF+:       It protects you from fire.
   rPois:     It protects you from poison Will-: It decreases your willpower.
   rCorr:     It protects you from acid and corrosion.
 I - the ring of the Distant Future (left hand) {+Blink rC+ rN+ SInv Stlth-}
   (You found it on level 8 of the Dungeon)

   [ring of protection from cold]

   rC+:       It protects you from cold.
   rN+:       It protects you from negative energy.
   SInv:      It lets you see invisible.
   +Blink:    It lets you blink.
   Stlth-:    It makes you less stealthy.
 M - a ring of protection from cold
   (You found it on level 6 of the Dungeon)
 Y - a +6 ring of strength
   (You found it on level 8 of the Dungeon)
Wands
 y - a wand of charming (6)
   (You found it on level 4 of the Dungeon)
 D - a wand of digging (5)
   (You found it on level 9 of the Dungeon)
 E - a wand of polymorph (5)
   (You found it on level 8 of the Dungeon)
 P - a wand of roots (2)
   (You found it on level 9 of the Dungeon)
 R - a wand of light (3)
   (You found it on level 10 of the Dungeon)
 W - a wand of mindburst (7)
   (You found it on level 10 of the Dungeon)
Scrolls
 d - 2 scrolls of immolation {!r}
 f - a scroll of brand weapon
 h - a scroll of blinking
 j - 2 scrolls of vulnerability {!r}
 t - 10 scrolls of teleportation {@r4}
 U - a scroll of fear
 V - a scroll of noise {!r}
Potions
 e - 3 potions of lignification {!q}
 g - a potion of attraction {unknown}
 l - 3 potions of enlightenment
 n - a potion of berserk rage {unknown}
 r - 3 potions of mutation {!q}
 u - a potion of magic {unknown}
 v - a potion of cancellation {unknown}
 w - a potion of resistance {unknown}
 x - a potion of might {unknown}
 B - a potion of ambrosia {unknown}
 J - a potion of invisibility {unknown}
 K - a potion of heal wounds {unknown}
 L - a potion of brilliance {unknown}
 O - 3 potions of curing {@q1}
 T - a potion of degeneration {unknown}
 Z - a potion of haste {unknown}


   Skills:
 + Level 10.7 Fighting
 * Level 14.7 Axes
 * Level 12.8 Ranged Weapons
 - Level 2.4 Armour
 - Level 2.1 Dodging
 - Level 1.9 Stealth
 + Level 5.6 Evocations


You had 11 spell levels left.
You didn't know any spells.
Your spell library was empty.

Dungeon Overview and Level Annotations

Branches:
Dungeon (10/15) Zot: 25364  Temple (0/1) D:7            Lair (2/5) D:9 Zot: 9906
Gauntlet (1/1) Zot: 5699
  Swamp: Lair:2-3    Shoals: Lair:2-3     Snake: Lair:2-3    Spider: Lair:2-3
    Orc: D:9-12

Altars:
Sif Muna
Trog
Uskayaw

Shops:
D:4 :   D:8 [

Annotations:
Lair:1 exclusion: oklob plant Gauntlet 2 transporters, 1 runed translucent door, exclusion: oklob plant


Innate Abilities, Weirdness & Mutations

You have a pair of horns on your head.
You reflexively headbutt those who attack you in melee.


Message History

The minotaur headbutts you!
You slash the minotaur! You slash the minotaur!
Your headbutt misses the minotaur. You block the minotaur's attack.
The minotaur gores you.
You hit the minotaur but do no damage.
You are no longer berserk.
You are exhausted.
You feel yourself slow down.
You hit the minotaur but do no damage.
You headbutt the minotaur, but do no damage.
You block the minotaur's attack.
The minotaur gores you but does no damage.
Okay, then.
Okay, then.
Cleave: a) +1 broad axe (spect)
Press: ? - help, Dir - move target, f - minotaur
Aim: a minotaur, wielding the +1 mace of Riec {heavy, rPois rF++ MP-9 Str+2 Dex+2}, wearing a +0 plate armour, wearing a +5 ring of evasion and quivering javelins (heavily wounded, about 36% to evade your +1 spectral broad axe)
Okay, then.
Unknown command.
Unknown command.
Aiming: Fastroot
Press: ? - help, Shift-Dir - straight line, f - minotaur
Aim: a minotaur, wielding the +1 mace of Riec {heavy, rPois rF++ MP-9 Str+2 Dex+2}, wearing a +0 plate armour, wearing a +5 ring of evasion and quivering javelins (heavily wounded)
The roots erupt in riotous growth!
Roots grab the minotaur.
The grasping roots constrict the minotaur!
The minotaur hits you with the +1 mace of Riec {heavy, rPois rF++ MP-9 Str+2 Dex+2}!!!
* * * LOW HITPOINT WARNING * * *
The minotaur gores you but does no damage.
You hit the minotaur but do no damage.
The grasping roots constrict the minotaur, but do no damage.
The roots release their grip on the minotaur.
The minotaur hits you with the +1 mace of Riec {heavy, rPois rF++ MP-9 Str+2 Dex+2}!
* * * LOW HITPOINT WARNING * * *
The minotaur gores you but does no damage.
You slash the minotaur!
The minotaur hits you with the +1 mace of Riec {heavy, rPois rF++ MP-9 Str+2 Dex+2}!
* * * LOW HITPOINT WARNING * * *
The minotaur gores you but does no damage.
You hit the minotaur. You headbutt the minotaur.
The minotaur hits you with the +1 mace of Riec {heavy, rPois rF++ MP-9 Str+2 Dex+2}.
* * * LOW HITPOINT WARNING * * *
The minotaur gores you.
* * * LOW HITPOINT WARNING * * *
You hit the minotaur but do no damage. You block the minotaur's attack.
The minotaur gores you but does no damage.
You hit the minotaur but do no damage.
You feel the effects of Trog's Hand fading.
The minotaur hits you with the +1 mace of Riec {heavy, rPois rF++ MP-9 Str+2 Dex+2}!!
You die...

###### #.♣.#..P.
####....# #...#.♣P.
#....##.###.©.#....
#.#####...#...#....
#.# H⌠###.#.©.#....
#.# ∩.# #.....#..∩.
#.# .⌠# #.#.©.#....
#.##.# #.#...#....
#.@H.# #.#.©.#.P..
####....#.#...#.♣P.
#####.#.♣.#..PP
..#...##.. ###.♣.#
#.


You could see a minotaur.

Vanquished Creatures
  A blizzard demon (Gauntlet)
  5 two-headed ogres
  A boulder beetle (Lair:1)
  The ghost of thriggle the Slasher, a novice BaRe of Zin (D:5)
  An elephant (Lair:1)
  3 black mambas (Lair:1)
  6 cane toads
  Maggie (D:8)
  A komodo dragon (Lair:1)
  A polar bear (Lair:1)
  4 hornets
  A blink frog (Lair:1)
  A shadow (D:9)
  A wraith (D:10)
  16 yaks
  A vampire (D:10)
  A basilisk (Lair:2)
  2 steam dragons
  4 water moccasins
  3 ice beasts
  3 orc warriors
  An ogre (D:6)
  A centaur (D:7)
  2 phantoms (D:4)
  A kobold brigand (D:9)
  3 bullfrogs
  A gnoll sergeant (D:10)
  6 scorpions
  5 wights (D:8)
  10 killer bees
  3 howler monkeys
  2 jellies
  2 quasits (D:5)
  4 hounds
  4 orc priests
  4 sleepcaps
  Terence (D:3)
  Jessica (D:3)
  2 iguanas
  4 orc wizards
  Robin (D:2)
  8 gnolls
  8 adders
  A shadow imp (D:8)
  4 white imps
  2 ufetubi (D:7)
  A worm (D:2)
  2 dart slugs
  25 orcs
  9 endoplasms
  6 giant cockroaches
  12 goblins
  16 hobgoblins
  8 jackals
  5 quokkas
  7 ball pythons
  3 bats
  6 frilled lizards
  10 kobolds
  4 rats
253 creatures vanquished.

Vanquished Creatures (collateral kills)
  4 yaks (Lair:2)
4 creatures vanquished.

Vanquished Creatures (others)
  An orc priest (D:9)
1 creature vanquished.

Grand Total: 258 creatures vanquished

Notes
Turn   | Place    | Note
-------+----------+-------------------------------------------
     0 | D:1      | Pooter the Minotaur Berserker began the quest for the Orb.
     0 | D:1      | Reached XP level 1. HP: 19/19 MP: 0/0
    76 | D:1      | You fall into a shaft and drop 1 floor!
   110 | D:2      | Reached XP level 2. HP: 14/27 MP: 1/1
   192 | D:2      | Reached skill level 4 in Axes
   197 | D:2      | Reached skill level 1 in Stealth
   267 | D:2      | Found a faded altar of an unknown god.
   488 | D:1      | Reached XP level 3. HP: 30/33 MP: 2/2
  1136 | D:2      | Noticed Robin
  1140 | D:2      | Reached ** piety under Trog
  1153 | D:2      | Killed Robin
  1154 | D:2      | Reached XP level 4. HP: 19/40 MP: 3/3
  1567 | D:2      | Found a shimmering blue altar of Sif Muna.
  1698 | D:2      | Reached skill level 5 in Axes
  1698 | D:2      | Reached skill level 1 in Ranged Weapons
  1908 | D:3      | Noticed a scorpion
  1915 | D:3      | Killed a scorpion
  1916 | D:3      | Reached XP level 5. HP: 47/47 MP: 4/4
  1920 | D:3      | Reached *** piety under Trog
  2004 | D:3      | Noticed Terence
  2019 | D:3      | Killed Terence
  2715 | D:3      | Noticed Jessica
  2716 | D:3      | Killed Jessica
  2717 | D:3      | Reached XP level 6. HP: 55/55 MP: 5/5
  2806 | D:4      | Reached skill level 6 in Axes
  2818 | D:4      | Reached skill level 5 in Fighting
  3002 | D:4      | Found Nuschots's Book Shoppe.
  3224 | D:4      | Reached XP level 7. HP: 44/61 MP: 6/6
  3225 | D:4      | Reached **** piety under Trog
  3501 | D:5      | Entered Level 5 of the Dungeon
  3570 | D:5      | Noticed a steam dragon
  3584 | D:5      | Killed a steam dragon
  3585 | D:5      | Reached skill level 7 in Axes
  3846 | D:5      | Found a hide-covered altar of Uskayaw.
  3846 | D:5      | Found a bloodstained altar of Trog.
  3878 | D:5      | Found a transporter.
  3899 | D:5      | Found a transporter.
  3903 | D:5      | Noticed thriggle's ghost (novice BaRe)
  3908 | D:5      | Reached skill level 5 in Ranged Weapons
  3921 | D:5      | Killed thriggle's ghost
  3922 | D:5      | Reached skill level 8 in Axes
  3922 | D:5      | Reached XP level 8. HP: 65/71 MP: 7/7
  4203 | D:5      | Reached skill level 9 in Axes
  4883 | D:6      | Reached XP level 9. HP: 36/79 MP: 8/8
  5811 | D:7      | Found a staircase to the Ecumenical Temple.
  5911 | D:7      | Reached skill level 10 in Axes
  6734 | D:8      | Identified the ring of the Distant Future {+Blink rC+ rN+
                  | SInv Stlth-}
  6864 | D:8      | Reached skill level 1 in Evocations
  6885 | D:8      | Noticed Maggie
  6928 | D:8      | Killed Maggie
  7224 | D:8      | Reached skill level 11 in Axes
  7416 | D:8      | Identified the +4 dagger "Muiryri" {flame, *Slow rN+ Int+3}
  7510 | D:8      | Found Perseus's Dragon-Slaying Spoils.
  8234 | D:9      | Reached XP level 10. HP: 60/90 MP: 9/9
  8362 | D:9      | Found a staircase to the Lair.
  8391 | D:9      | Noticed a two-headed ogre
  8397 | D:9      | Killed a two-headed ogre
  8478 | D:9      | Noticed a two-headed ogre
  8485 | D:9      | Killed a two-headed ogre
  8486 | D:9      | Reached skill level 12 in Axes
  8486 | D:9      | Reached skill level 10 in Ranged Weapons
  9156 | D:10     | Entered Level 10 of the Dungeon
  9302 | D:10     | Noticed a two-headed ogre
  9307 | D:10     | Killed a two-headed ogre
  9985 | D:10     | Noticed a two-headed ogre
  9993 | D:10     | Killed a two-headed ogre
 10285 | D:10     | Noticed a two-headed ogre
 10293 | D:10     | Killed a two-headed ogre
 10294 | D:10     | Reached XP level 11. HP: 54/97 MP: 10/10
 10761 | Lair:1   | Entered Level 1 of the Lair of Beasts
 10782 | Lair:1   | Reached skill level 13 in Axes
 11324 | Lair:1   | Reached skill level 10 in Fighting
 11845 | Lair:1   | Noticed an oklob plant
 11941 | Lair:1   | Reached skill level 5 in Evocations
 12107 | Lair:1   | Noticed a boulder beetle
 12119 | Lair:1   | Reached skill level 14 in Axes
 12119 | Lair:1   | Killed a boulder beetle
 12702 | Lair:2   | Noticed a death yak
 12771 | Lair:2   | Reached XP level 12. HP: 101/107 MP: 11/11
 12794 | Lair:2   | Found a gate leading to a gauntlet.
 12797 | Lair:2   | Identified the +5 mace of Misugas {spect, Will+ Str+2}
 12804 | Gauntlet | Entered a Gauntlet
 12804 | Gauntlet | Found a transporter.
 12808 | Gauntlet | Found a transporter.
 12810 | Gauntlet | Found a transporter.
 12854 | Gauntlet | Noticed a death scarab
 12863 | Gauntlet | Found a transporter.
 12891 | Gauntlet | Found a transporter.
 12895 | Gauntlet | Found a transporter.
 12896 | Gauntlet | Found a runed translucent door.
 12896 | Gauntlet | Found a transporter.
 12896 | Gauntlet | Found a runed translucent door.
 12906 | Gauntlet | Noticed a blizzard demon
 12980 | Gauntlet | Found a transporter.
 12987 | Gauntlet | Killed a blizzard demon
 13032 | Gauntlet | Identified the ring of Descent {rPois rF+ Will- rCorr
                  | Dex+3}
 13060 | Gauntlet | Identified the +1 mace of Riec {heavy, rPois rF++ MP-9
                  | Str+2 Dex+2}
 13060 | Gauntlet | Noticed a minotaur
 13084 | Gauntlet | Demolished by a minotaur

Illustrated notes

Levels and vault maps discovered:
D:1:      ncdulo_wetmaze, layout_loops_corners, minmay_door_square,
          chequers_serial_rivers_micro_d, minmay_pentomino_r2
D:2:      minmay_angry_zag, layout_rooms, hellmonk_ecumenical_altar_run_dry,
          basic_altar, uniq_robin
D:3:      layout_basic, minmay_crystal_room, kennysheep_pointless_box,
          kennysheep_generic_room_4, uniq_jessica, uniq_terence
D:4:      layout_cave_pools, serial_shops, shop
D:5:      layout_loops_corners, nicolae_overflow_two_pavilions,
          gammafunk_ghost_stat_death
D:6:      layout_basic, nicolae_concentric_dashed_squares_wild
D:7:      layout_basic, minmay_temple_entry_enclosed_plants
D:8:      minmay_skewed_foursquare, layout_layer_cave,
          nicolae_shop_dragon_depot, uniq_maggie
D:9:      layout_irregular_city, lair_entry_dummy
D:10:     layout_grid_maze
Lair:1:   layout_long_grid, dreamdust_mushroom_princess, minmay_shattered_shrine
Lair:2:   layout_chaotic_city, swamp_mist, gauntlet_entry_generic,
          grunt_megastairs_1
Gauntlet: minmay_gauntlet_77_tree [minmay_gauntlet_arena_77_radiant_squares,
          minmay_gauntlet_arena_77_hold_the_fort,
          minmay_gauntlet_arena_77_p_blocks,
          minmay_gauntlet_arena_77_shame_cube,
          minmay_gauntlet_arena_77_two_lines, minmay_gauntlet_arena_77_mirror,
          minmay_gauntlet_arena_77_fan, dreamdust_gauntlet_exit_labyrinth]

Skill      XL: |  1  2  3  4  5  6  7  8  9 10 11 |
---------------+----------------------------------+-----
Axes           | 4 5 6 8 9 11 12 14 | 14.7
Stealth        | 1 |  1.9
Fighting       | 4 5 6 7 8 9 10 | 10.7
Ranged Weapons | 2 3 4 6 7 9 11 12 | 12.8
Evocations     | 2 4 5 |  5.6
Armour         | |  2.4
Dodging        | |  2.1

Action                     |  1- 3 |  4- 6 |  7- 9 | 10-12 || total
---------------------------+-------+-------+-------+-------++-------
  Melee: Hand axe          |    55 |    50 |       |       ||   105
         Headbutt          |     7 |    23 |    23 |    38 ||    91
         Punch             |       |     3 |     1 |       ||     4
         Morningstar       |       |    88 |     6 |       ||    94
         War axe           |       |       |   145 |    55 ||   200
         Broad axe         |       |       |       |   117 ||   117
   Fire: Sling             |       |    53 |    30 |     4 ||    87
         Shortbow          |       |       |    36 |    23 ||    59
  Throw: Dart              |       |     5 |     5 |    16 ||    26
         Javelin           |       |       |     1 |       ||     1
 Invoke: Berserk           |     4 |     1 |     6 |    12 ||    23
         Trog's Hand       |       |     1 |     5 |     5 ||    11
         Brothers in Arms  |       |       |       |     1 ||     1
  Evoke: Wand              |       |       |       |     2 ||     2
    Use: Scroll            |     1 |     4 |    11 |     7 ||    23
         Potion            |       |       |       |     1 ||     1
   Stab: Sleeping          |     2 |       |       |       ||     2
         Invisible         |       |       |     1 |       ||     1
         Distracted        |       |       |       |     1 ||     1
 Armour: Animal skin       |    47 |    25 |       |       ||    72
         Chain mail        |       |    85 |   134 |   157 ||   376
  Dodge: Dodged            |    44 |    97 |    63 |    45 ||   249
  Block: Kite shield       |       |       |       |    21 ||    21

Table legend: (Time is in decaauts)
 A = Elapsed time spent in this place.
 B = Non-inter-level travel time spent in this place.
 C = Inter-level travel time spent in this place.
 D = Time resting spent in this place.
 E = Time spent auto-exploring this place.
 F = Levels seen in this place.
 G = Mean time per level.
                   A        B        C        D        E       F      G
               +--------+--------+--------+--------+--------+-----+--------+
         Total |  13363 |  13056 |    307 |   2977 |   8075 |  13 | 1027.9 |
       Dungeon |  10971 |  10696 |    275 |   1935 |   7205 |  10 | 1097.1 |
          Lair |   2093 |   2061 |     32 |    890 |    870 |   2 | 1046.5 |
      Gauntlet |    299 |    299 |      0 |    151 |      0 |   1 |  299.0 |
               +--------+--------+--------+--------+--------+-----+--------+

Top non-repeatable levels by time:
  Lair:1: 1801 daAuts
     D:8: 1620 daAuts
    D:10: 1561 daAuts
     D:5: 1105 daAuts
     D:9: 1095 daAuts
     D:7: 1023 daAuts
     D:3: 977 daAuts
     D:6: 958 daAuts
     D:1: 945 daAuts
     D:2: 933 daAuts
     D:4: 752 daAuts
Gauntlet: 299 daAuts
  Lair:2: 291 daAuts
